Map: Frost LE

Players

Gracz - Winner!

  • Race: Protoss Protoss
  • League: Silver

MRJoe

  • Race: Terran Terran
  • League: Silver

VOD

Have the link to the VOD?

Description

Time

  • Played on: Sept. 24, 2016, 8:39 a.m.
  • Length: 23:11
Show
View Real Time Build Order
Export as new Build Order

Gracz Protoss - Winner!

Build Orders:  

Get SALT Encoding   

  12  0:01  Probe (Chrono Boost)  
  13  0:16  Pylon  
  13  0:30  Probe (Chrono Boost)  
  14  0:39  Gateway  
  14  0:43  Assimilator, Probe (Chrono Boost)  
  15  1:13  Gateway  
  15  1:14  Probe (Chrono Boost)  
  16  1:25  Probe (Chrono Boost)  
  17  1:50  Cybernetics Core  
  17  1:51  Pylon  
  17  1:59  Nexus  
  17  2:17  Gateway  
  17  2:18  Warp Gate  
  17  2:22  Gateway  
  17  2:28  Probe (Chrono Boost)  
  18  2:40  Probe (Chrono Boost)  
  19  2:56  Assimilator  
  19  3:24  Stalker x2  
  23  3:35  Probe (Chrono Boost)  
  23  3:36  Probe (Chrono Boost)  
  25  3:45  Probe (Chrono Boost)  
  25  3:48  Probe (Chrono Boost)  
  27  3:53  Stalker  
  29  3:56  Probe (Chrono Boost)  
  29  4:00  Probe (Chrono Boost)  
  31  4:04  Stalker  
  31  4:06  Probe (Chrono Boost)  
  34  4:12  Probe (Chrono Boost)  
  35  4:22  Stalker x2  
  39  4:33  Stalker  
  41  4:43  Stalker  
  39  5:07  Stalker  
  43  5:15  Assimilator, Probe x2 (Chrono Boost)  
  43  5:17  Assimilator  
  43  5:20  Pylon  
  43  5:23  Pylon  
  43  5:27  Probe x2 (Chrono Boost)  
  45  5:36  Gateway  
  45  5:38  Gateway  
  45  5:39  Probe (Chrono Boost)  
  45  5:40  Probe (Chrono Boost)  
  47  5:50  Pylon  
  47  6:03  Stalker x2  
  51  6:04  Stalker  
  51  6:06  Stalker  
  55  6:21  Probe x2 (Chrono Boost)  
  57  6:27  Stalker x3  
  57  6:29  Stalker  
  67  6:33  Probe x2 (Chrono Boost)  
  67  6:42  Stargate  
  67  7:08  Protoss Air Weapons Level 1  
  65  7:28  Pylon, Void Ray  
  65  7:29  Stargate  
  65  7:31  Stargate, Pylon  
  69  7:52  Stalker x2  
  69  7:53  Stalker  
  69  7:54  Stalker  
  69  7:55  Nexus  
  77  8:09  Void Ray  
  77  8:14  Void Ray  
  86  8:27  Pylon, Probe (Chrono Boost)  
  86  8:30  Pylon  
  86  8:32  Pylon  
  86  8:45  Void Ray  
  86  8:47  Probe x2 (Chrono Boost)  
  92  8:54  Nexus  
  92  8:59  Probe (Chrono Boost)  
  93  9:08  Probe (Chrono Boost)  
  95  9:11  Probe (Chrono Boost)  
  95  9:21  Stalker x3  
  95  9:22  Stalker  
  103  9:35  Probe (Chrono Boost)  
  103  9:36  Probe (Chrono Boost)  
  103  9:37  Probe (Chrono Boost)  
  106  9:46  Stalker, Probe (Chrono Boost)  
  106  9:47  Stalker  
  106  9:49  Stalker, Probe x2 (Chrono Boost)  
  116  10:01  Probe (Chrono Boost)  
  116  10:28  Void Ray x2  
  116  10:29  Void Ray  
  128  11:04  Stalker x2  
  128  11:11  Void Ray  
  130  11:15  Void Ray  
  68  11:44  Void Ray  
  58  11:47  Stalker x2  
  58  11:52  Void Ray  
  70  11:58  Void Ray  
  67  12:24  Void Ray  
  67  12:27  Nexus  
  67  12:29  Stalker  
  67  12:30  Stalker  
  56  14:09  Pylon  
  56  14:11  Pylon  
  56  14:12  Pylon  
  56  14:13  Pylon  
  56  14:14  Pylon  
  55  14:52  Forge  
  43  15:26  Photon Cannon  
  43  15:27  Photon Cannon  
  43  15:29  Photon Cannon  
  43  15:30  Photon Cannon  
  43  15:31  Photon Cannon  
  43  15:32  Photon Cannon  
  43  15:34  Photon Cannon  
  43  15:37  Photon Cannon  
  39  15:58  Nexus  
  35  17:18  Pylon  
  35  17:46  Pylon  
  26  19:59  Nexus  
  22  21:17  Probe (Chrono Boost)  
  23  21:28  Probe (Chrono Boost)  
  24  21:38  Probe (Chrono Boost)  
  21  21:49  Probe (Chrono Boost)  
  22  22:00  Probe (Chrono Boost)  
  19  22:06  Pylon  
  17  22:08  Pylon  
  17  22:10  Probe (Chrono Boost)  
  17  22:11  Pylon  
  18  22:21  Probe (Chrono Boost)  
  19  22:52  Nexus  
Show
View Real Time Build Order
Export as new Build Order

MRJoe Terran 

Build Orders:  

Get SALT Encoding   

  12  0:03  SCV  
  13  0:15  SCV  
  14  0:23  Supply Depot  
  14  0:27  SCV  
  15  0:35  Refinery  
  15  0:44  SCV  
  16  0:58  SCV  
  16  1:01  Barracks  
  17  1:10  SCV  
  18  1:15  Supply Depot  
  18  1:23  SCV  
  19  1:35  SCV  
  19  1:37  Supply Depot  
  21  1:47  SCV  
  21  1:49  Barracks Reactor  
  21  1:51  Refinery  
  21  1:59  SCV  
  22  2:05  Bunker  
  22  2:11  SCV  
  23  2:23  Factory  
  23  2:26  Marine x2  
  25  2:36  Engineering Bay  
  25  2:43  Orbital Command  
  25  2:44  Marine x2  
  27  3:08  Factory Tech Lab  
  27  3:09  Missile Turret  
  27  3:19  SCV  
  28  3:28  Command Center  
  28  3:34  Siege Tank  
  31  3:49  Missile Turret  
  31  3:52  Supply Depot  
  31  4:06  Siege Tank  
  34  4:13  Missile Turret  
  34  4:25  Missile Turret  
  34  4:41  Missile Turret, SCV  
  34  4:43  Refinery  
  35  4:50  Marine x2  
  37  4:53  SCV  
  38  5:01  Siege Tank  
  38  5:05  SCV  
  42  5:08  Marine  
  43  5:17  SCV  
  44  5:23  Starport  
  44  5:29  SCV  
  44  5:30  Marine x2, Refinery  
  47  5:38  Terran Infantry Weapons Level 1  
  47  5:41  SCV  
  48  5:44  Siege Tank  
  51  6:00  Starport Tech Lab  
  51  6:03  Supply Depot  
  51  6:09  Starport  
  51  6:12  Sensor Tower  
  51  6:19  Cloaking Field  
  51  6:28  Supply Depot  
  51  6:29  Banshee  
  54  6:35  SCV  
  55  6:47  SCV  
  55  6:49  Starport Tech Lab  
  56  6:56  Starport  
  56  6:59  SCV  
  57  7:11  SCV  
  57  7:12  Banshee  
  61  7:20  Banshee  
  64  7:23  SCV  
  64  7:24  Widow Mine  
  67  7:35  Supply Depot  
  67  7:36  Starport Tech Lab  
  67  7:43  SCV  
  68  7:55  SCV, Banshee  
  72  8:07  SCV  
  72  8:09  Banshee  
  72  8:11  Banshee  
  80  8:20  SCV  
  80  8:24  Supply Depot  
  80  8:32  Command Center  
  80  8:37  Banshee  
  83  8:56  Widow Mine  
  83  8:58  Banshee  
  83  9:00  Banshee  
  91  9:09  Marine x2  
  93  9:23  Banshee  
  96  9:25  Widow Mine  
  98  9:41  Banshee  
  104  9:52  Marine x2, Supply Depot  
  105  9:54  Siege Tank  
  105  9:55  Terran Infantry Armor Level 1  
  94  10:36  Missile Turret  
  94  10:37  Missile Turret  
  92  10:45  Missile Turret  
  92  10:49  Marine x2  
  75  12:02  Barracks, SCV  
  76  12:14  SCV  
  63  12:26  SCV  
  63  12:38  SCV  
  57  14:13  Supply Depot  
  57  14:17  Supply Depot  
  57  14:34  Command Center  
  33  16:15  SCV  
  34  16:22  Refinery  
  34  16:25  Starport  
  34  16:27  SCV  
  34  16:29  Starport  
  34  16:31  Starport  
  36  16:40  SCV  
  36  16:50  Barracks Reactor  
  36  16:52  SCV  
  37  17:02  Factory  
  37  17:20  SCV  
  38  17:25  Refinery  
  38  17:26  Viking  
  38  17:27  Viking  
  42  17:30  Viking  
  42  17:32  SCV  
  45  17:38  Factory  
  45  17:42  Engineering Bay  
  45  17:43  Marine x2  
  47  17:44  SCV  
  47  17:47  SCV  
  49  17:55  Widow Mine  
  49  17:56  Viking, SCV  
  49  17:57  Viking  
  56  17:59  SCV  
  56  18:00  Viking  
  56  18:01  Marine x2  
  61  18:09  SCV  
  61  18:11  SCV  
  63  18:19  Marine x2  
  65  18:21  SCV  
  65  18:23  SCV  
  67  18:33  Viking, SCV  
  70  18:35  SCV  
  70  18:36  Marine  
  72  18:47  SCV  
  58  18:59  Viking  
  62  19:09  Marine x2  
  58  19:27  Marine x2  
  58  19:28  Missile Turret x2  
  55  19:46  Starport  
  55  19:47  Starport  
  55  19:52  Starport  
  53  19:53  SCV  
  51  20:05  SCV  
  50  20:17  SCV  
  46  20:30  SCV  
  46  20:34  Viking  
  46  20:35  Viking  
  50  20:36  Viking  
  48  21:04  Viking  
  48  21:05  Viking  
Tags
 
Add a new tag
Caveats
  • Supply blocks, unpowered buildings, or Contaminate may cause inaccurate times.
  • Supply counts are checked every 10 seconds.